 Dungeon Crawl Stone Soup version 0.24-a0-264-gf46a388 (webtiles) character file.

Game seed: 7686932950088505367

581 FlareUmbra the Chiller (level 7, 0/51 HPs)
             Began as a Merfolk Ice Elementalist on Apr 20, 2019.
             Was an Initiate of Cheibriados.
             Slain by a hippogriff (8 damage)
             ... on level 5 of the Dungeon.
             The game lasted 01:09:39 (5601 turns).

FlareUmbra the Chiller (Merfolk Ice Elementalist)   Turns: 5601, Time: 01:09:40

Health: 0/51       AC:  4    Str:  9    XL:     7   Next: 36%
Magic:  6/13       EV: 15    Int: 21    God:    Cheibriados [......]
Gold:   211        SH:  0    Dex: 16    Spells: 11/14 levels left

rFire    x . .     SeeInvis .   h - +2 dagger (protect)
rCold    + . .     Gourm    .   (no shield)
rNeg     . . .     Faith    .   a - +0 robe
rPois    .         Spirit   .   (no helmet)
rElec    .         Reflect  .   C - +0 cloak
rCorr    .         Harm     .   (no gloves)
MR       .....                  A - +0 pair of boots
Stlth    ++........             (no amulet)
HPRegen  0.17/turn              j - +4 ring of intelligence
MPRegen  0.13/turn              w - ring of ice

@: very slow
A: change form in water, swift swim, stealthy swim
a: Bend Time, Renounce Religion


You were on level 5 of the Dungeon.
You worshipped Cheibriados.
Cheibriados was noncommittal.
You were not hungry.

You visited 2 branches of the dungeon, and saw 7 of its levels.

You collected 211 gold pieces.

Inventory:

Hand Weapons
 g - a +0 dagger
 h - a +2 dagger of protection (weapon)
 p - a +0 dagger of venom
Missiles
 d - 64 bolts
Armour
 a - a +0 robe (worn)
 A - a +0 pair of boots (worn)
 C - a +0 cloak (worn)
Jewellery
 j - a +4 ring of intelligence (left hand)
 v - an uncursed ring of positive energy
 w - a ring of ice (right hand)
Scrolls
 b - 5 scrolls of remove curse
 e - 3 scrolls of fear {unknown}
 i - 3 scrolls of teleportation {unknown}
 k - a scroll of enchant armour {unknown}
 m - 3 scrolls of identify {unknown}
 q - 2 scrolls of fog {unknown}
 r - 2 scrolls of enchant weapon {unknown}
 s - a scroll of random uselessness {unknown}
 x - a scroll of magic mapping {unknown}
 y - 2 scrolls of amnesia {unknown}
Potions
 f - a potion of invisibility {unknown}
 l - 3 potions of curing {unknown}
 n - a potion of might {unknown}
 o - a potion of flight {unknown}
 t - 2 potions of cancellation {unknown}
 u - a potion of degeneration {unknown}
 z - a potion of magic {unknown}
 B - a potion of agility {unknown}
Comestibles
 c - 6 rations


   Skills:
 + Level 2.4 Fighting
 + Level 2.7 Short Blades
 + Level 4.8 Dodging
 + Level 2.9 Stealth
 + Level 0.1 Unarmed Combat
 + Level 4.1 Spellcasting
 + Level 1.0 Conjurations
 + Level 5.3 Ice Magic


You had 11 spell levels left.
You knew the following spells:

 Your Spells              Type           Power        Failure   Level  Hunger
a - Freeze                Ice            ####         1%          1    None
b - Throw Frost           Conj/Ice       ####..       4%          2    #......

Your spell library contained the following spells:

 Spells                   Type           Power        Failure   Level  Hunger
 Ozocubu's Armour         Chrm/Ice       ###.....     12%         3    ###....
 Throw Icicle             Conj/Ice       ####....     32%         4    ####...
 Summon Ice Beast         Ice/Summ       ###.....     36%         4    ####...


Dungeon Overview and Level Annotations

Branches:
Dungeon (6/15)             Temple (1/1) D:5

Altars:
Ashenzari
Cheibriados
Dithmenos
Elyvilon
Fedhas
Gozag
Hepliaklqana
Kikubaaqudgha
Makhleb
Nemelex Xobeh
Okawaru
Qazlal
Ru
Sif Muna
Trog
Uskayaw
Vehumet
Wu Jian
Xom
Yredelemnul
Zin
The Shining One

Shops:
D:5 =


Message History

You feel a surge of power!
You freeze the hippogriff!
The hippogriff is lightly wounded.
The hippogriff bites you but does no damage.
The hippogriff pecks you. The hippogriff claws you.
The flow of time bends around you.
The hippogriff resists with some effort.
You feel slightly more hungry. The hippogriff barely misses you.
The hippogriff pecks you but does no damage.
The hippogriff claws you.
Casting: Freeze (safe; 1% risk of failure)
Confirm with . or Enter, or press ? or * to list all spells.
Aiming: Freeze (safe; 1% risk of failure)
Press: ? - help, Shift-Dir - straight line, f/p - hippogriff
Aim: a hippogriff (lightly wounded)
You feel a surge of power!
You freeze the hippogriff.
The hippogriff is moderately wounded.
The hippogriff bites you. The hippogriff pecks you. The hippogriff claws you!
* * * LOW HITPOINT WARNING * * *
The hippogriff bites you!
You die...

.................................
#####...<..............).(.......
##....##.....................
######...##>..#..............##.
#..##.....#...#..............###
###...##........................
##..##..#..................##...
##.#.###........H..###......###..
#.)#.###.#......@...##....##...#.
##.......#.......#.........##.##.
##..###....................#.#..
#...##.......................##
#.##...................#.......
##....................####.....
#....................###......
##....................##.......
##......##......................


You could see a hippogriff.

Vanquished Creatures
  An ogre (D:5)
  A centaur zombie (D:4)
  A jelly (D:6)
  A centaur skeleton (D:5)
  2 iguanas
  7 worker ants
  A hound skeleton (D:5)
  A howler monkey skeleton (D:4)
  A gnoll (D:1)
  6 adders
  An ooze (D:4)
  An adder zombie (D:4)
  3 adder skeletons (D:4)
  2 worms (D:2)
  4 dart slugs
  2 leopard geckos
  A ball python (D:2)
  6 bats
  2 giant cockroaches
  7 goblins
  12 hobgoblins
  4 jackals
  4 quokkas
  5 frilled lizards
  A giant cockroach zombie (D:4)
  A jackal skeleton (D:4)
  8 kobolds
  7 rats
93 creatures vanquished.

Vanquished Creatures (others)
  A wizard (D:4)
1 creature vanquished.

Grand Total: 94 creatures vanquished

Notes
Turn   | Place    | Note
-------+----------+-------------------------------------------
     0 | D:1      | FlareUmbra the Merfolk Ice Elementalist began the quest for
                  | the Orb.
     0 | D:1      | Reached XP level 1. HP: 13/13 MP: 3/3
   339 | D:1      | Reached XP level 2. HP: 12/19 MP: 0/5
   607 | D:1      | Reached XP level 3. HP: 20/24 MP: 2/6
  1139 | D:2      | Reached skill level 4 in Ice Magic
  1277 | D:2      | Reached XP level 4. HP: 16/31 MP: 3/8
  2010 | D:2      | Learned a level 2 spell: Throw Frost
  2208 | D:2      | Found a white marble altar of Elyvilon.
  2929 | D:3      | Reached XP level 5. HP: 36/36 MP: 9/9
  3539 | D:4      | Reached skill level 1 in Fighting
  3575 | D:4      | Reached skill level 1 in Short Blades
  3575 | D:4      | Reached skill level 1 in Conjurations
  3688 | D:4      | Reached XP level 6. HP: 42/43 MP: 5/11
  3840 | D:4      | Reached skill level 5 in Ice Magic
  3915 | D:4      | Found a bloodstained altar of Trog.
  3916 | D:4      | Noticed a wizard
  3922 | D:4      | Killed a wizard
  4136 | D:5      | Entered Level 5 of the Dungeon
  4441 | D:5      | Found Qyugrur's Jewellery Shop.
  4467 | D:5      | Reached XP level 7. HP: 31/50 MP: 4/13
  4488 | D:5      | Found a staircase to the Ecumenical Temple.
  4518 | Temple   | Entered the Ecumenical Temple
  4948 | Temple   | Became a worshipper of Cheibriados the Contemplative
  5573 | D:6      | Noticed a hippogriff
  5601 | D:5      | Slain by a hippogriff

Levels and vault maps discovered:
D:1:      nicolae_arrival_memento_mori, layout_basic
D:2:      minmay_angry_zag, layout_basic, nicolae_overflow_crystal_walls,
          first_ration
D:3:      layout_loops_ring
D:4:      layout_basic, serial_undead, serial_undead_d, serial_undead_b,
          serial_undead_f, serial_undead_d, trog_wizard
D:5:      layout_layer_cave, temple_fountains, serial_shops, shop
D:6:      layout_layer_cave
Temple:   roderic_octagonal_lattice_temple

Skill      XL: |  1  2  3  4  5  6 |
---------------+-------------------+-----
Dodging        | 3 4 |  4.8
Ice Magic      | 4 5 |  5.3
Spellcasting   | 3 4 |  4.1
Fighting       | 1 2 |  2.4
Short Blades   | 1 2 |  2.7
Conjurations   | 1 |  1.0
Stealth        | |  2.9
Unarmed Combat | |  0.1

Action                   |  1- 3 |  4- 6 |  7- 9 || total
-------------------------+-------+-------+-------++-------
Melee: Unarmed           |    15 |       |       ||    15
       Dagger            |    34 |   169 |    16 ||   219
 Cast: Freeze            |    45 |    63 |    10 ||   118
       Throw Frost       |       |    13 |       ||    13
Invok: Bend Time         |       |       |     2 ||     2
  Use: Scroll            |       |     1 |       ||     1
 Stab: Sleeping          |     2 |     7 |       ||     9
       Distracted        |       |     1 |       ||     1
  Eat: Chunk             |     2 |     7 |     1 ||    10
       Ration            |       |     1 |     1 ||     2
Armor: Robe              |    26 |    53 |    11 ||    90
Dodge: Dodged            |    83 |   162 |    18 ||   263

Table legend:
 A = Non-vault XP
 B = Vault XP
 C = Vault XP percentage of total XP
 D = Non-vault monster count
 E = Vault monster count
 F = Vault count percentage of total count
                 A         B        C        D         E       F
            +---------+---------+-------+---------+---------+-------
      Total |     732 |      98 |  11.8 |      77 |      16 |  17.2
            +---------+---------+-------+---------+---------+-------
        D:1 |      56 |       0 |   0.0 |      23 |       0 |   0.0
        D:2 |      78 |      15 |  16.1 |      23 |       8 |  25.8
        D:3 |      35 |       0 |   0.0 |      12 |       0 |   0.0
        D:4 |     274 |      83 |  23.2 |      11 |       8 |  42.1
        D:5 |     210 |       0 |   0.0 |       5 |       0 |   0.0
        D:6 |      79 |       0 |   0.0 |       3 |       0 |   0.0
            +---------+---------+-------+---------+---------+-------
